Workbook
Name a: #REF!
Name DRG_Tab: [1]DRG!$A$8:$AA$781

Sheet Calculation
A1: WV MEDICAID INPATIENT HOSPITAL PPS PAYMENT
A3: INPUT IS LIGHT BLUE: 10/1/26 - 09/30/27 Out of State Hospital
A4: Medicaid NPI Number: | C4: 1144266024 | H4: Provider PPS Price Factors:
A5: Provider Name: | C5: =VLOOKUP($C$4,Values!$A$4:$K$977,3,FALSE) -> INDIANA UNIVERSITY HEALTH INC | H5: WV Std Cost | J5: =VLOOKUP($C$4,Values!$A$4:$K$390,4,FALSE) -> 4308.33
A6: DRG : | C6: N94 | H6: Std Cap Amt | J6: =VLOOKUP($C$4,Values!$A$4:$K$390,5,FALSE) -> 316.84
A7: DRG Weight: | C7: =VLOOKUP($A$71,Weights!$A$8:$E$786,4,FALSE) -> 0.2475 | H7: Cost/Chg Ratio | J7: =VLOOKUP($C$4,Values!$A$4:$K$390,6,FALSE) -> 0.199
A8: ALOS: | C8: =VLOOKUP(A71,Weights!$A$8:$E$786,3,FALSE) -> 2.1 | H8: Ind Med Ed Adj | J8: =VLOOKUP($C$4,Values!$A$4:$K$390,7,FALSE) -> 0.25505461
A9: Claim Information: | H9: Prov Wge Index | J9: =VLOOKUP($C$4,Values!$A$4:$K$390,10,FALSE) -> 1.1556
A10: Admit Date | C10: 46494
A11: Discharge Date | C11: 46660
A12: Discharge Status Code | C12: 2
A13: Total Covered Charges | C13: 50000 | H13: Payment Method:
A14: Room&Board | C14: 50000 | H14: PPS Pricing | J14: =IF(J15="yes","no",IF(J16="yes","no","yes")) -> no
A15: Observation Hours | H15: Transfer Pricing | J15: =IF(C12=2,"yes","no") -> yes
A16: Observation Charges | H16: Same/Day Next Day | J16: =IF((DAYS360(C10,C11)>1),"no",IF(C12="2","no","yes")) -> no
A18: OUTPUT IS ORANGE: 10/1/26 - 09/30/27 Out of State Hospital
A19: Same Day/Next Day | C19: =+M33 -> 245
A20: Transfer Payment: | C20: =+M41 -> 1624.93
A21: Outlier Threshold: | C21: =M57 -> 144242.35
A23: Standard DRG Payment: | F23: =+J14 -> no | H23: Same Day/Next Day | M23: =+J16 -> no
B25: =+H5 -> WV Std Cost | F25: =+J5 -> 4308.33 | H25: Total Ancillary Charges: | M25: =+$C$13-$C$14-$C$16 -> 0
B26: X (1+ Ind Med Ed Adj) | F26: =1+J8 -> 1.2550546 | H26: Cost/Charge Ratio: | M26: =+$J$7 -> 0.199
B27: X Prov Wge Index | F27: =+J9 -> 1.1556 | M27: =ROUND(M26*M25,2) -> 0
F28: =(F25*F26*F27) -> 6248.5481 | H28: Observation ($10 * hours) | M28: =10*$C$15 -> 0
B29: + Std Cap Amt | F29: =+J6 -> 316.84 | H29: Room & Board | M29: 245
B30: Provider Price Factor | F30: =(F28+F29) -> 6565.3881 | H30: Payment | M30: =ROUND(M29+M28+M27,2) -> 245
B31: X DRG Weight | F31: =+C7 -> 0.2475
B32: Std Drg Amount | F32: =ROUND(F30*F31,2) -> 1624.93 | H32: Pay Same Day/Next Day or
H33: Standard | M33: =IF(F53<M30,F53,M30) -> 245
A34: Calculate Outlier Add On: | F34: =IF(F42>0,"yes","no") -> no
H35: Transfer Payment: | M35: =+J15 -> yes
B36: Total Charges: | F36: =+C13 -> 50000 | H36: Number of Days: | M36: =IF(A76=0,A77,A76) -> 166
B37: Adjusted Cost/Charge Ratio: | E37: X | F37: =+M48 -> 0.15856 | H37: Per Diem Amount: | M37: =ROUND(F53/C8,2) -> 773.78
F38: =(F36*F37) -> 7928 | H38: First Day Per Diem: | M38: =ROUND(M37*3,2) -> 2321.34
B39: Less Outlier Threshold Amount | F39: =+M57 -> 144242.35 | H39: Remaining Per Diem: | M39: =ROUND(((M36-1)*M37),2) -> 127673.7
F40: =+F38-F39 -> -136314.35 | H40: Calculated Transfer Payment: | M40: =+M39+M38 -> 129995.04
B41: 80% of Difference | F41: 0.8 | H41: Pay Transfer Payment or Standard DRG: | M41: =IF(F53<M40,F53,M40) -> 1624.93
B42: Outlier Add - On | F42: =IF(F40*F41>0,ROUND((F40*F41),2),0) -> 0
H43: Adjusted Cost/Charge Ratio:
A45: Calculate Rate Adjustment and IME Add-on: | H45: Cost/Chg Ratio | M45: =+J7 -> 0.199
B46: =+B42 -> Outlier Add - On | F46: =+F42 -> 0 | H46: divided by
B47: X Ind Med Ed Adj | F47: =1+J8 -> 1.2550546 | H47: (1+ Ind Med Ed Adj) | M47: =+F26 -> 1.2550546
F48: =(F46*F47) -> 0 | M48: =ROUND(M45/M47,5) -> 0.15856
A50: Calculate Total Payment:
B51: Base DRG Payment | F51: =+F32 -> 1624.93 | H51: Outlier Threshold:
B52: Adjusted Outlier and Indirect Med. Ed. Add-On | F52: =+F48 -> 0
B53: Total DRG + Outlier Payment | F53: =SUM(F51:F52) -> 1624.93 | H53: WV Std Cost | M53: =+J5 -> 4308.33
H54: X DRG Weight | M54: =+F31 -> 0.2475
H55: + Fixed Threshold Amount | M55: 123754
A56: INSTRUCTIONS: | H56: X Prov Wge Index | M56: =+F27 -> 1.1556
A57: Enter the required information in the boxes at the top of the page highlighted in | M57: =(M53*M54+M55)*M56 -> 144242.35
A58: light blue. The provider number, DRG, and discharge status code must be entered
A59: as text with an apostrophe (') in front of the first number. For example enter | H59: DO NOT ALTER ANY FORMULAS ON THIS WORKSHEET.
A60: provider number '210017 not 210017. | H60: ENTER DATA ONLY IN BOXES HIGHLIGHTED IN LIGHT BLUE AT
A61: The calculator will determine the correct payment based on the information entered. | H61: THE TOP LEFT OF THIS SHEET.
A62: The method used will be denoted in the payment method box at the top of the page,
A63: as well as in the box containing each calculation. For example, if a claim falls
A64: under transfer pricing, "yes" will show beside transfer pricing in the Payment Method
A65: box. "Yes" will also show on the top line of the transfer payment calculation box.
A66: PPS Pricing denotes standard DRG payments as well as outliers. If a claim is priced by
A67: standard PPS pricing, be sure to use the fee shown on line 53, as this line also includes
A68: any outlier payment if applicable.
A71: =IF(OR(C4=1285667493,C4=1194744805,C4=1295789907,C4=1912939703,C4=1679525919,C4=1992703540,C4=1427145176,C4=1578597993,C4=1093708711,C4=1912914821,C4=1952311508,C4=1437175734,C4=1881695146,C4=1700828852,C4=1275578056,C4=1447359997,C4=1821007881,C4=1285672204,C4=1174660120,C4=1043397292,C4=1568435477,C4=1518911338,C4=1548378235),A72,A73) -> N94
A72: =IF(C6="789","N89",IF(C6="790","N90",IF(C6="791","N91",IF(C6="792","N92",IF(C6="793","N93",IF(C6="794","N94",C6)))))) -> N94
A73: =C6 -> N94
A76: =C11-C10 -> 166
A77: 1

Sheet Formula
A1: PPS Calculations
A4: STANDARD DRG PAYMENT:
B6: (((WVSTD COST * (1+IND MED ED ADJ)* PROV WGE INDEX) + STD CAP AMT))*DRG WEIGHT*1.025
B8: Note: Out-of-State Hospitals do not receive the 1.025 adjustment -- omit this part of the
B9: calculation.
A12: STANDARD DRG W/ OUTLIER
B14: 1) CALULATE OUTLIER ADD-ON
C15: ((TOTAL (COVERED)CHARGES * COST/CHG RATIO)-OUTLIER THRESHOLD)*0.80
C17: Note: COST/CHG RATIO needs adjusted for major teaching hospitals and any hospital
C18: that receives an IND MED ED ADJ in their PPS rates. These hospitals will have an
C19: entry in the IND MED ED ADJ field (not equal to 0). To adjust the formula replace the
C20: COST/CHG RATIO with the result of the following formula:
C21: [(COST/CHG RATIO)/(1+ IND MED ED ADJ)]
C23: Note: OUTLIER THRESHOLD is specific for each hospital for each DRG.
B25: 2) CALCULATE THE INDIRECT MEDICAL EDUCATION (IME) ADD-ON
C26: (OUTLIER ADD-ON * IND MED ED ADJ)*1.025
C28: Note: OUTLIER ADD-ON is calculated in 1) above.
B30: 3) CALCULATE TOTAL PAYMENT
C31: STANDARD DRG AMOUNT+ADJUSTED OUTLIER AND IME ADD-ON
C33: Note: Out-of-State Hospitals do not receive the 1.025 adjustment -- omit this part of the
C34: calculation.
A37: OUTLIER THRESHOLD
B38: ((WV STD COST * DRG WEIGHT)+FIXED OUTLIER THRESHOLD AMOUNT)*PROV WGE INDEX
B40: Note: The FIXED OUTLIER THRESHOLD for Rate Year 2000 is $29,563. This amount will change
B41: each Rate Year. The threshold for RY 2001 is $24,349. For Rate Year 2002 the amount is $28,916.
B42: For Rate Year 2003 the amount is $27,170. | F42: RY2004: | G42: $39,989; | H42: RY2005: | I42: $35,598;
B43: RY 2006 | C43: 42966 | D43: RY 2007 | E43: 50186 | F43: RY 2008 | G43: 50707 | H43: RY 09 | I43: 58786
B44: RY 2010 | C44: 57190 | D44: RY 2011 | E44: 59101 | F44: RY 2012 | G44: 61770 | H44: RY 2013 | I44: 62882
B45: RY 2014 | C45: 61578 | D45: RY 2015 | E45: 62313 | F45: RY 2016 | G45: 76111 | H45: RY 2017 | I45: 60645
B46: RY 2018 | C46: 55535 | D46: RY2019 | E46: 79324 | F46: RY2020 | G46: 76377 | H46: RY2021 | I46: 59696
B47: RY 2022 | C47: 99870 | D47: RY 2023 | E47: 102316 | F47: RY2024 | G47: 101510 | H47: RY2026 | I47: 112918
B48: RY 2027 | C48: 123754 | D48: <-- RY2027 is effective 10-1-2026.
A51: TRANSFER DRG
B52: 1) CALCULATE DRG PER DIEM AMOUNT
C53: (STANDARD DRG PAYMENT)/(AVERAGE LOS FOR DRG)
B55: 2) FIRST DAY PER DIEM
C56: DRG PER DIEM AMOUNT * 3
C58: Note: Three per diems are paid for day one.
B60: 3) REMAINING PER DIEM
C61: REMAINING DAYS * PER DIEM AMOUNT
B63: 4) TOTAL TRANSFER PAYMENT
C64: (FIRST DAY PER DIEM + REMAINING PER DIEM)* 1.025
B66: Note: If TRANSFER PAYMENT is greater than STANDARD DRG PAYMENT pay STANDARD DRG PAYMENT.
B67: Note: Out-of-State hospitals do not receive 1.025 adjustment - omit this part of the calculation.
A70: LOW VOLUME DRG PAYMENT
B71: ((TOTAL (COVERED) CHARGES * TOT COST/CHG) * 0.90) *1.025
B73: Note: Out-of-State hospitals do not receive 1.025 adjustment - omit this part of the calculation.
A76: SAME DAY/NEXT DAY
B77: (TOTAL ANCILLARY CHARGES *COST/CHG RATIO)+($10 *NUMBER OF OBSERVATION HOURS)+245
C78: Note: Ancillary charges are revenue codes 22x-75x and 77x-97x.
C79: Note: If the standard DRG payment is less than same day/next day payment, then pay standard DRG.
A82: CRITICAL ACCESS HOSPITALS (CAH)
B83: PER DIEM AMOUNT * NUMBER OF DAYS STAY
B85: Note: Per diem amount is found in the provider file and is set by Medicare.

Sheet Values
A1: WV Medicaid IPPS - Out of State: 10/01/26 - 09/30/27
A2: Children's Hospitals default to Market Area 2 as they do not submit Medicare cost reports.
A3: NPI | B3: Medicare ID | C3: Provider Name | D3: WV STD COST | E3: Std Cap Amt | F3: Cost/Charge Ratio | G3: Ind Med Ed ADJ | H3: CMS PUF Rate | I3: Market Area | J3: Pro WGE Index GAF | K3: Base Amt. | L3: Physical Address | M3: City | N3: State | O3: Contract Type | P3: Eff Date
A4: 1205935012 | B4: 013300 | C4: CHILDRENS HOSP-ALABAMA | D4: 4308.33 | E4: 316.84 | F4: 0.208 | G4: 0 | H4: 0 | I4: 2 | J4: 0.9998 | K4: =((D4*(1+G4)*$J4)+E4) -> 4624.3083 | L4: 1600-7TH AVE SOUTH | M4: BIRMINGHAM | N4: AL | O4: 0 | P4: 46296
A5: 1619928017 | B5: 490005 | C5: WINCHESTER MEDICAL CENTR INC (HOSP) | D5: 4308.33 | E5: 316.84 | F5: 0.378 | G5: 0.010438242 | H5: 52.993465 | I5: 5 | J5: 1.1556 | K5: =((D5*(1+G5)*$J5)+E5) -> 5347.5151 | L5: 1840 AMHERST STREET | M5: WINCHESTER | N5: VA | O5: 0 | P5: 46296
A6: 1881695146 | B6: 390028 | C6: UPMC MERCY | D6: 4308.33 | E6: 316.84 | F6: 0.136 | G6: 0.24183042 | H6: 45.147756 | I6: 2 | J6: 0.9998 | K6: =((D6*(1+G6)*$J6)+E6) -> 5665.9852 | L6: 1400 LOCUST ST | M6: PITTSBURGH | N6: PA | O6: 0 | P6: 46296
A7: 1720039712 | B7: 010049 | C7: MEDICAL CENTER ENTERPRISE | D7: 4308.33 | E7: 316.84 | F7: 0.09 | G7: 0 | H7: 35.020502 | I7: 4 | J7: 0.8858 | K7: =((D7*(1+G7)*$J7)+E7) -> 4133.1587 | L7: 400 N EDWARDS ST | M7: ENTERPRISE | N7: AL | O7: 0 | P7: 46296
A8: 1003996000 | B8: 010078 | C8: NORTHEAST ALABAMA REGIONAL MEDICAL CENTER | D8: 4308.33 | E8: 316.84 | F8: 0.156 | G8: 0 | H8: 40.876262 | I8: 3 | J8: 0.9565 | K8: =((D8*(1+G8)*$J8)+E8) -> 4437.7576 | L8: 400 E 10TH ST | M8: ANNISTON | N8: AL | O8: 0 | P8: 46296
A9: 1215947387 | B9: 073300 | C9: CONNECTICUT CHILDREN'S MEDICAL CENTER | D9: 4308.33 | E9: 316.84 | F9: 0.264 | G9: 0 | H9: 0 | I9: 2 | J9: 0.9998 | K9: =((D9*(1+G9)*$J9)+E9) -> 4624.3083 | L9: 282 WASHINGTON ST | M9: HARTFORD | N9: CT | O9: 0 | P9: 46296
A10: 1770690695 | B10: 030014 | C10: JOHN C LINCOLN NORTH MT. HOSP | D10: 4308.33 | E10: 316.84 | F10: 0.123 | G10: 0.028268152 | H10: 53.990764 | I10: 5 | J10: 1.1556 | K10: =((D10*(1+G10)*$J10)+E10) -> 5436.285 | L10: 250 E DUNLAP AVE | M10: PHOENIX | N10: AZ | O10: 0 | P10: 46296
A11: 1073576740 | B11: 030022 | C11: MARICOPA INTEGRATED HEALTH SYSTEM | D11: 4308.33 | E11: 316.84 | F11: 0.213 | G11: 0.3417316 | H11: 58.183108 | I11: 5 | J11: 1.1556 | K11: =((D11*(1+G11)*$J11)+E11) -> 6996.9274 | L11: 2601 E ROOSEVELT ST | M11: PHOENIX | N11: AZ | O11: 0 | P11: 46296
A12: 1093791170 | B12: 030110 | C12: WEST VALLEY HOSPITAL | D12: 4308.33 | E12: 316.84 | F12: 0.068 | G12: 0.11990037 | H12: 50.232797 | I12: 5 | J12: 1.1556 | K12: =((D12*(1+G12)*$J12)+E12) -> 5892.4948 | L12: 13677 W MCDOWELL RD | M12: GOODYEAR | N12: AZ | O12: 0 | P12: 46296
A13: 1699726695 | B13: 040022 | C13: NORTHWEST MEDICAL CENTER | D13: 4308.33 | E13: 316.84 | F13: 0.105 | G13: 0.010978683 | H13: 45.670852 | I13: 2 | J13: 0.9998 | K13: =((D13*(1+G13)*$J13)+E13) -> 4671.5987 | L13: 609 W MAPLE AVE | M13: SPRINGDALE | N13: AR | O13: 0 | P13: 46296
A14: 1871543215 | B14: 050441 | C14: STANFORD HOSPITAL AND CLINICS | D14: 4308.33 | E14: 316.84 | F14: 0.138 | G14: 0.30061417 | H14: 109.15495 | I14: 5 | J14: 1.1556 | K14: =((D14*(1+G14)*$J14)+E14) -> 6792.2158 | L14: 300 PASTEUR DR | M14: PALO ALTO | N14: CA | O14: 0 | P14: 46296
A15: 1184654923 | B15: 050464 | C15: DOCTORS MEDICAL CENTER OF MODESTO | D15: 4308.33 | E15: 316.84 | F15: 0.063 | G15: 0.041016006 | H15: 75.883267 | I15: 5 | J15: 1.1556 | K15: =((D15*(1+G15)*$J15)+E15) -> 5499.7528 | L15: 1441 FLORIDA AVE | M15: MODESTO | N15: CA | O15: 0 | P15: 46296
A16: 1568493922 | B16: 050551 | C16: LOS ALAMITOS MEDICAL CENTER | D16: 4308.33 | E16: 316.84 | F16: 0.121 | G16: 0 | H16: 74.959947 | I16: 5 | J16: 1.1556 | K16: =((D16*(1+G16)*$J16)+E16) -> 5295.5461 | L16: 3751 KATELLA AVE | M16: LOS ALAMITOS | N16: CA | O16: 0 | P16: 46296
A17: 1760492714 | B17: 060010 | C17: POUDRE VALLEY HOSPITAL | D17: 4308.33 | E17: 316.84 | F17: 0.218 | G17: 0.060232405 | H17: 54.07353 | I17: 5 | J17: 1.1556 | K17: =((D17*(1+G17)*$J17)+E17) -> 5595.4256 | L17: 1024 S LEMAY AVE | M17: FORT COLLINS | N17: CO | O17: 0 | P17: 46296
A18: 1144397134 | B18: 060022 | C18: MEMORIAL HEALTH SYSTEM | D18: 4308.33 | E18: 316.84 | F18: 0.151 | G18: 0.002293487 | H18: 54.604069 | I18: 5 | J18: 1.1556 | K18: =((D18*(1+G18)*$J18)+E18) -> 5306.9647 | L18: 1400 E. BOULDER STREET | M18: COLORADO SPRINGS | N18: CO | O18: 0 | P18: 46296
A19: 1477531580 | B19: 060024 | C19: UNIVERSITY OF COLORADO HOSPITAL AUTHORITY | D19: 4308.33 | E19: 316.84 | F19: 0.141 | G19: 0.26337586 | H19: 53.210762 | I19: 5 | J19: 1.1556 | K19: =((D19*(1+G19)*$J19)+E19) -> 6606.8172 | L19: 12605 E 16TH AVE | M19: AURORA | N19: CO | O19: 0 | P19: 46296
A20: 1417946021 | B20: 060028 | C20: SAINT JOSEPH HOSPITAL | D20: 4308.33 | E20: 316.84 | F20: 0.152 | G20: 0.13664749 | H20: 69.075466 | I20: 5 | J20: 1.1556 | K20: =((D20*(1+G20)*$J20)+E20) -> 5975.8739 | L20: 1375 E 19TH AVE | M20: DENVER | N20: CO | O20: 0 | P20: 46296
A21: 1396790200 | B21: 060034 | C21: SWEDISH MEDICAL CENTER | D21: 4308.33 | E21: 316.84 | F21: 0.062 | G21: 0.059360268 | H21: 55.084107 | I21: 5 | J21: 1.1556 | K21: =((D21*(1+G21)*$J21)+E21) -> 5591.0835 | L21: 501 E HAMPDEN AVE | M21: CHERRY HILLS | N21: CO | O21: 0 | P21: 46296
A22: 1467517235 | B22: 070024 | C22: WILLIAM W BACKUS HOSPITAL | D22: 4308.33 | E22: 316.84 | F22: 0.257 | G22: 0 | H22: 56.691615 | I22: 5 | J22: 1.1556 | K22: =((D22*(1+G22)*$J22)+E22) -> 5295.5461 | L22: 326 WASHINGTON ST | M22: NORWICH | N22: CT | O22: 0 | P22: 46296
A23: 1912939703 | B23: 093300 | C23: CHILDREN'S HOSP NATL CTR | D23: 4308.33 | E23: 316.84 | F23: 0.223 | G23: 0 | H23: 0 | I23: 2 | J23: 0.9998 | K23: =((D23*(1+G23)*$J23)+E23) -> 4624.3083 | L23: 111 MICHIGAN AVE N W | M23: WASHINGTON | N23: DC | O23: 0 | P23: 46296
A24: 1427145176 | B24: 090004 | C24: GEORGETOWN UNIV HOSPITAL | D24: 4308.33 | E24: 316.84 | F24: 0.229 | G24: 0.27750783 | H24: 61.838365 | I24: 5 | J24: 1.1556 | K24: =((D24*(1+G24)*$J24)+E24) -> 6677.1761 | L24: 3800 RESERVOIR RD NW | M24: WASHINGTON | N24: DC | O24: 0 | P24: 46296
A25: 1366492977 | B25: 090005 | C25: SIBLEY MEMORIAL HOSPITAL | D25: 4308.33 | E25: 316.84 | F25: 0.266 | G25: 0.009735198 | H25: 58.21967 | I25: 5 | J25: 1.1556 | K25: =((D25*(1+G25)*$J25)+E25) -> 5344.0148 | L25: 5255 LOUGHBORO RD NW | M25: WASHINGTON | N25: DC | O25: 0 | P25: 46296
A26: 1548378235 | B26: 090011 | C26: WASHINGTON HOSPITAL CENTER -ACUTE CARE | D26: 4308.33 | E26: 316.84 | F26: 0.228 | G26: 0.24264559 | H26: 58.905398 | I26: 5 | J26: 1.1556 | K26: =((D26*(1+G26)*$J26)+E26) -> 6503.6072 | L26: 110 IRVING STREET NW | M26: WASHINGTON | N26: DC | O26: 0 | P26: 46296
A27: 1184709057 | B27: 100006 | C27: ORLANDO REGIONAL MEDICAL CENTER | D27: 4308.33 | E27: 316.84 | F27: 0.114 | G27: 0.062690643 | H27: 49.335531 | I27: 5 | J27: 1.1556 | K27: =((D27*(1+G27)*$J27)+E27) -> 5607.6644 | L27: 52 W. UNDERWOOD ST. | M27: ORLANDO | N27: FL | O27: 0 | P27: 46296
A28: 1306938071 | B28: 100007 | C28: ADVENTHEALTH ORLANDO | D28: 4308.33 | E28: 316.84 | F28: 0.13 | G28: 0.025506242 | H28: 49.758511 | I28: 5 | J28: 1.1556 | K28: =((D28*(1+G28)*$J28)+E28) -> 5422.5342 | L28: 601 EAST ROLLINS STREET | M28: ORLANDO | N28: FL | O28: 0 | P28: 46296
A29: 1558302570 | B29: 100012 | C29: LEE MEMORIAL HOSPITAL | D29: 4308.33 | E29: 316.84 | F29: 0.203 | G29: 0.019208417 | H29: 47.446405 | I29: 6 | J29: 1.0061 | K29: =((D29*(1+G29)*$J29)+E29) -> 4734.7118 | L29: 2776 CLEVELAND AVENUE | M29: FORT MYERS | N29: FL | O29: 0 | P29: 46296
A30: 1295702728 | B30: 100019 | C30: HOLMES REG MED CENTER | D30: 4308.33 | E30: 316.84 | F30: 0.189 | G30: 0 | H30: 62.883559 | I30: 5 | J30: 1.1556 | K30: =((D30*(1+G30)*$J30)+E30) -> 5295.5461 | L30: 1350 SOUTH HICKORY ST | M30: MELBOURNE | N30: FL | O30: 0 | P30: 46296
A31: 1720078041 | B31: 100026 | C31: BAY MEDICAL CENTER SACRED HEART HEALTH SYSTEM | D31: 4308.33 | E31: 316.84 | F31: 0.16 | G31: 0 | H31: 49.141198 | I31: 5 | J31: 1.1556 | K31: =((D31*(1+G31)*$J31)+E31) -> 5295.5461 | L31: 615 N. BONITA AVENUE | M31: PANAMA CITY | N31: FL | O31: 0 | P31: 46296
A32: 1053424648 | B32: 100028 | C32: PARRISH MEDICAL CENTER | D32: 4308.33 | E32: 316.84 | F32: 0.233 | G32: 0 | H32: 40.312616 | I32: 3 | J32: 0.9565 | K32: =((D32*(1+G32)*$J32)+E32) -> 4437.7576 | L32: 951 N WASHINGTON AVE | M32: TITUSVILLE | N32: FL | O32: 0 | P32: 46296
A33: 1285662239 | B33: 100039 | C33: BROWARD MEDICAL CENTER | D33: 4308.33 | E33: 316.84 | F33: 0.191 | G33: 0.063099739 | H33: 52.046554 | I33: 5 | J33: 1.1556 | K33: =((D33*(1+G33)*$J33)+E33) -> 5609.7012 | L33: 1600 SOUTH ANDREWS AVE | M33: FORT LAUDERDALE | N33: FL | O33: 0 | P33: 46296
A34: 1649367269 | B34: 100045 | C34: FLORIDA HOSPITAL DELAND | D34: 4308.33 | E34: 316.84 | F34: 0.191 | G34: 0 | H34: 48.098815 | I34: 5 | J34: 1.1556 | K34: =((D34*(1+G34)*$J34)+E34) -> 5295.5461 | L34: 701 W PLYMOUTH AVENUE | M34: DELAND | N34: FL | O34: 0 | P34: 46296
A35: 1740772268 | B35: 100062 | C35: ADVENT HEALTH OCALA | D35: 4308.33 | E35: 316.84 | F35: 0.125 | G35: 0 | H35: 48.87856 | I35: 5 | J35: 1.1556 | K35: =((D35*(1+G35)*$J35)+E35) -> 5295.5461 | L35: 1500 SOUTHWEST FIRST AVENUE | M35: OCALA | N35: FL | O35: 0 | P35: 46296
... A47: 1144645573 | B47: 100212 | C47: MUNROE REGIONAL MEDICAL CENTER | D47: 4308.33 | E47: 316.84 | F47: 0.065 | G47: 0.14778519 | H47: 47.072098 | I47: 2 | J47: 0.9998 | K47: =((D47*(1+G47)*$J47)+E47) -> 5260.8884 | L47: 1500 SW 1ST AVE | M47: OCALA | N47: FL | O47: 0 | P47: 46296
A48: 1427114099 | B48: 103300 | C48: JOHNS HOPKINS ALL CHILDREN'S HOSPITAL, INC | D48: 4308.33 | E48: 316.84 | F48: 0.145 | G48: 0 | H48: 0 | I48: 2 | J48: 0.9998 | K48: =((D48*(1+G48)*$J48)+E48) -> 4624.3083 | L48: 501 6TH AVE S D#9050 | M48: ST PETERSBURG | N48: FL | O48: 0 | P48: 46296
A49: 1982658407 | B49: 100220 | C49: GULF COAST MEDICAL CENTER | D49: 4308.33 | E49: 316.84 | F49: 0.156 | G49: 0 | H49: 56.742275 | I49: 5 | J49: 1.1556 | K49: =((D49*(1+G49)*$J49)+E49) -> 5295.5461 | L49: 13681 DOCTORS WAY | M49: FORT MYERS | N49: FL | O49: 0 | P49: 46296
A50: 1487760906 | B50: 100244 | C50: CAPE CORAL HOSPITAL | D50: 4308.33 | E50: 316.84 | F50: 0.18 | G50: 0.051319825 | H50: 47.351965 | I50: 2 | J50: 0.9998 | K50: =((D50*(1+G50)*$J50)+E50) -> 4845.3669 | L50: 636 DEL PRADO BLVD | M50: CAPE CORAL | N50: FL | O50: 0 | P50: 46296
A51: 1326078288 | B51: 100258 | C51: DELRAY MED CTR | D51: 4308.33 | E51: 316.84 | F51: 0.066 | G51: 0.035821792 | H51: 52.456941 | I51: 5 | J51: 1.1556 | K51: =((D51*(1+G51)*$J51)+E51) -> 5473.8923 | L51: 5352 LINTON BLVD | M51: DELRAY BEACH | N51: FL | O51: 0 | P51: 46296
A52: 1588697296 | B52: 100268 | C52: WEST BOCA MEDICAL CENTER | D52: 4308.33 | E52: 316.84 | F52: 0.086 | G52: 0.006266244 | H52: 51.348455 | I52: 5 | J52: 1.1556 | K52: =((D52*(1+G52)*$J52)+E52) -> 5326.7439 | L52: 21644 STATE ROAD 7 | M52: BOCA RATON | N52: FL | O52: 0 | P52: 46296
A53: 1770515991 | B53: 100287 | C53: TENET GOOD SAMARITAN, INC. | D53: 4308.33 | E53: 316.84 | F53: 0.075 | G53: 0 | H53: 50.155676 | I53: 5 | J53: 1.1556 | K53: =((D53*(1+G53)*$J53)+E53) -> 5295.5461 | L53: 1309 N FLAGLER DR | M53: WEST PALM BEACH | N53: FL | O53: 0 | P53: 46296
A54: 1952333205 | B54: 100288 | C54: ST. MARY'S MEDICAL CENTER | D54: 4308.33 | E54: 316.84 | F54: 0.081 | G54: 0.013245097 | H54: 51.592031 | I54: 5 | J54: 1.1556 | K54: =((D54*(1+G54)*$J54)+E54) -> 5361.4896 | L54: 901 45TH ST | M54: WEST PALM BEACH | N54: FL | O54: 0 | P54: 46296
A55: 1730494816 | B55: 100315 | C55: VIERA HOSPITAL, INC | D55: 4308.33 | E55: 316.84 | F55: 0.166 | G55: 0 | H55: 58.369071 | I55: 5 | J55: 1.1556 | K55: =((D55*(1+G55)*$J55)+E55) -> 5295.5461 | L55: 8745 N WICKHAM RD | M55: MELBOURNE | N55: FL | O55: 0 | P55: 46296
A56: 1386940823 | B56: 100316 | C56: PALM BAY HOSPITAL | D56: 4308.33 | E56: 316.84 | F56: 0.198 | G56: 0 | H56: 55.56534 | I56: 5 | J56: 1.1556 | K56: =((D56*(1+G56)*$J56)+E56) -> 5295.5461 | L56: 1425 MALABAR RD, NE | M56: PALM BAY | N56: FL | O56: 0 | P56: 46296
A57: 1538471800 | B57: 233300 | C57: CHILDREN'S HOSPITAL OF MICHIGAN | D57: 4308.33 | E57: 316.84 | F57: 0.261 | G57: 0 | H57: 0 | I57: 2 | J57: 0.9998 | K57: =((D57*(1+G57)*$J57)+E57) -> 4624.3083 | L57: 3901 BEAUBIEN STREET | M57: DETROIT | N57: MI | O57: 0 | P57: 46296
A58: 1528056066 | B58: 110001 | C58: HAMILTON MEDICAL CENTER INC | D58: 4308.33 | E58: 316.84 | F58: 0.205 | G58: 0.10384931 | H58: 48.70976 | I58: 5 | J58: 1.1556 | K58: =((D58*(1+G58)*$J58)+E58) -> 5812.5813 | L58: 1200 MEMORIAL DRIVE | M58: DALTON | N58: GA | O58: 0 | P58: 46296
A59: 1760402424 | B59: 110023 | C59: ADVENTHEALTH GORDON | D59: 4308.33 | E59: 316.84 | F59: 0.135 | G59: 0 | H59: 48.161102 | I59: 5 | J59: 1.1556 | K59: =((D59*(1+G59)*$J59)+E59) -> 5295.5461 | L59: 1035 RED BUD RD | M59: CALHOUN | N59: GA | O59: 0 | P59: 46296
A60: 1275527889 | B60: 110024 | C60: CANDLER HOSPITAL | D60: 4308.33 | E60: 316.84 | F60: 0.219 | G60: 0 | H60: 43.974976 | I60: 3 | J60: 0.9565 | K60: =((D60*(1+G60)*$J60)+E60) -> 4437.7576 | L60: 5353 REYNOLDS STREET | M60: SAVANNAH | N60: GA | O60: 0 | P60: 46296
A61: 1588665566 | B61: 110028 | C61: UNIVERSITY HOSPITAL (AUGUSTA) | D61: 4308.33 | E61: 316.84 | F61: 0.175 | G61: 0.002129856 | H61: 48.361362 | I61: 5 | J61: 1.1556 | K61: =((D61*(1+G61)*$J61)+E61) -> 5306.1501 | L61: 1350 WALTON WAY | M61: AUGUSTA | N61: GA | O61: 0 | P61: 46296
A62: 1972535318 | B62: 110031 | C62: WELLSTAR SPALDING REGIONAL HOSPITAL INC | D62: 4308.33 | E62: 316.84 | F62: 0.129 | G62: 0.083637176 | H62: 59.781314 | I62: 5 | J62: 1.1556 | K62: =((D62*(1+G62)*$J62)+E62) -> 5711.9511 | L62: 601 SOUTH 8TH STREET | M62: GRIFFIN | N62: GA | O62: 0 | P62: 46296
A63: 1649248626 | B63: 110035 | C63: WELLSTAR KENNESTONE HOSPITAL | D63: 4308.33 | E63: 316.84 | F63: 0.158 | G63: 0.15601273 | H63: 58.547855 | I63: 5 | J63: 1.1556 | K63: =((D63*(1+G63)*$J63)+E63) -> 6072.2877 | L63: 677 CHURCH ST | M63: MARIETTA | N63: GA | O63: 0 | P63: 46296
A64: 1063406684 | B64: 110043 | C64: SAINT JOSEPHS HOSPITAL | D64: 4308.33 | E64: 316.84 | F64: 0.224 | G64: 0 | H64: 42.675028 | I64: 3 | J64: 0.9565 | K64: =((D64*(1+G64)*$J64)+E64) -> 4437.7576 | L64: 11705 MERCY BLVD | M64: SAVANNAH | N64: GA | O64: 0 | P64: 46296
A65: 1770586794 | B65: 130006 | C65: ST LUKE'S REGIONAL MEDICAL CENTER | D65: 4308.33 | E65: 316.84 | F65: 0.281 | G65: 0.008435865 | H65: 50.050822 | I65: 5 | J65: 1.1556 | K65: =((D65*(1+G65)*$J65)+E65) -> 5337.5458 | L65: 190 E BANNOCK ST | M65: BOISE | N65: ID | O65: 0 | P65: 46296
A66: 1831590660 | B66: 130071 | C66: ST LUKE'S NAMPA MEDICAL CENTER | D66: 4308.33 | E66: 316.84 | F66: 0.289 | G66: 0.10168942 | H66: 49.324759 | I66: 5 | J66: 1.1556 | K66: =((D66*(1+G66)*$J66)+E66) -> 5801.8279 | L66: 9850 W ST LUKES DR | M66: NAMPA | N66: ID | O66: 0 | P66: 46296
A67: 1083685986 | B67: 140125 | C67: GATEWAY REGIONAL MEDICAL CENTER | D67: 4308.33 | E67: 316.84 | F67: 0.148 | G67: 0 | H67: 65.107088 | I67: 5 | J67: 1.1556 | K67: =((D67*(1+G67)*$J67)+E67) -> 5295.5461 | L67: 2100 MADISON AVE | M67: GRANITE CITY | N67: IL | O67: 0 | P67: 46296
A68: 1134186315 | B68: 150009 | C68: CLARK MEMORIAL HOSPITAL | D68: 4308.33 | E68: 316.84 | F68: 0.206 | G68: 0 | H68: 47.368542 | I68: 2 | J68: 0.9998 | K68: =((D68*(1+G68)*$J68)+E68) -> 4624.3083 | L68: 1220 MISSOURI AVE | M68: JEFFERSONVILLE | N68: IN | O68: 0 | P68: 46296
A69: 1306897335 | B69: 150017 | C69: LUTHERAN HOSPITAL OF INDIANA | D69: 4308.33 | E69: 316.84 | F69: 0.122 | G69: 0.030598818 | H69: 56.557184 | I69: 5 | J69: 1.1556 | K69: =((D69*(1+G69)*$J69)+E69) -> 5447.8887 | L69: 7950 W JEFFERSON BLVD | M69: FORT WAYNE | N69: IN | O69: 0 | P69: 46296
... A202: 1760764849 | B202: 360360 | C202: BEAVERCREEK MEDICAL CENTER | D202: 4308.33 | E202: 316.84 | F202: 0.158 | G202: 0.093101438 | H202: 52.526452 | I202: 5 | J202: 1.1556 | K202: =((D202*(1+G202)*$J202)+E202) -> 5759.0708 | L202: 3535 PENTAGON PARK BLVD | M202: BEAVERCREEK | N202: OH | O202: 0 | P202: 46296
A203: 1548212988 | B203: 363300 | C203: CHILDREN'S HOSPITAL MEDICAL CENTER | D203: 4308.33 | E203: 316.84 | F203: 0.218 | G203: 0 | H203: 0 | I203: 2 | J203: 0.9998 | K203: =((D203*(1+G203)*$J203)+E203) -> 4624.3083 | L203: 3333 BURNET AVE | M203: CINCINNATI | N203: OH | O203: 0 | P203: 46296
A204: 1518042175 | B204: 363302 | C204: RAINBOW BABIES AND CHILDREN'S HOSPITAL | D204: 4308.33 | E204: 316.84 | F204: 0.218 | G204: 0 | H204: 0 | I204: 2 | J204: 0.9998 | K204: =((D204*(1+G204)*$J204)+E204) -> 4624.3083 | L204: 111OO EUCLID AVENUE | M204: CLEVELAND | N204: OH | O204: 0 | P204: 46296
A205: 1861506560 | B205: 363303 | C205: CHILDREN'S HOSP MED CTR OF AKRON (HOSP) | D205: 4308.33 | E205: 316.84 | F205: 0.218 | G205: 0 | H205: 0 | I205: 2 | J205: 0.9998 | K205: =((D205*(1+G205)*$J205)+E205) -> 4624.3083 | L205: ONE PERKINS SQUARE | M205: AKRON | N205: OH | O205: 0 | P205: 46296
A206: 1134152986 | B206: 363305 | C206: NATIONWIDE CHILDREN'S HOSPITAL | D206: 4308.33 | E206: 316.84 | F206: 0.218 | G206: 0 | H206: 0 | I206: 2 | J206: 0.9998 | K206: =((D206*(1+G206)*$J206)+E206) -> 4624.3083 | L206: 700 CHILDREN'S DRIVE | M206: COLUMBUS | N206: OH | O206: 0 | P206: 46296
A207: 1659590644 | B207: 363308 | C207: SHRINERS HOSPITAL FOR CHILDREN | D207: 4308.33 | E207: 316.84 | F207: 0.218 | G207: 0 | H207: 0 | I207: 2 | J207: 0.9998 | K207: =((D207*(1+G207)*$J207)+E207) -> 4624.3083 | L207: ONE CHILDRENS PLAZA | M207: DAYTON | N207: OH | O207: 0 | P207: 46296
A208: 1780125005 | B208: 370015 | C208: HILLCREST HOSPITAL PRYOR | D208: 4308.33 | E208: 316.84 | F208: 0.325 | G208: 0 | H208: 49.535507 | I208: 5 | J208: 1.1556 | K208: =((D208*(1+G208)*$J208)+E208) -> 5295.5461 | L208: 111 N BAILEY ST | M208: PRYOR | N208: OK | O208: 0 | P208: 46296
A209: 1750661534 | B209: 370202 | C209: HILLCREST HOSPITAL SOUTH | D209: 4308.33 | E209: 316.84 | F209: 0.141 | G209: 0 | H209: 50.882585 | I209: 5 | J209: 1.1556 | K209: =((D209*(1+G209)*$J209)+E209) -> 5295.5461 | L209: 8801 SOUTH 101 EAST AVENUE | M209: TULSA | N209: OK | O209: 0 | P209: 46296
A210: 1801891809 | B210: 380002 | C210: ASANTE THREE RIVERS MEDICAL CENTER | D210: 4308.33 | E210: 316.84 | F210: 0.328 | G210: 0 | H210: 67.240869 | I210: 5 | J210: 1.1556 | K210: =((D210*(1+G210)*$J210)+E210) -> 5295.5461 | L210: 500 SW RAMSEY AVE. | M210: GRANTS PASS | N210: OR | O210: 0 | P210: 46296
A211: 1881690212 | B211: 390004 | C211: HOLY SPIRIT HOSPITAL | D211: 4308.33 | E211: 316.84 | F211: 0.19 | G211: 0.005777376 | H211: 56.298707 | I211: 5 | J211: 1.1556 | K211: =((D211*(1+G211)*$J211)+E211) -> 5324.31 | L211: 503 N 21ST STREET | M211: CAMP HILL | N211: PA | O211: 0 | P211: 46296
A212: 1861435042 | B212: 390009 | C212: SAINT VINCENT HEALTH CENTER | D212: 4308.33 | E212: 316.84 | F212: 0.169 | G212: 0.050024978 | H212: 49.076486 | I212: 5 | J212: 1.1556 | K212: =((D212*(1+G212)*$J212)+E212) -> 5544.6058 | L212: 232 W 25TH ST | M212: ERIE | N212: PA | O212: 0 | P212: 46296
A213: 1063422053 | B213: 390036 | C213: MED CTR BEAVER CNTY INC (HOSP) | D213: 4308.33 | E213: 316.84 | F213: 0.368 | G213: 0.1062491 | H213: 51.982063 | I213: 5 | J213: 1.1556 | K213: =((D213*(1+G213)*$J213)+E213) -> 5824.5292 | L213: 1000 DUTCH RIDGE ROAD | M213: BEAVER | N213: PA | O213: 0 | P213: 46296
A214: 1588770416 | B214: 390037 | C214: SEWICKLEY VALLEY HOSPITAL (HOSP) | D214: 4308.33 | E214: 316.84 | F214: 0.437 | G214: 0 | H214: 52.020416 | I214: 5 | J214: 1.1556 | K214: =((D214*(1+G214)*$J214)+E214) -> 5295.5461 | L214: 720 BLACKBURN ROAD | M214: SEWICKLEY | N214: PA | O214: 0 | P214: 46296
A215: 1871594127 | B215: 390041 | C215: UNIONTOWN HOSPITAL ASSOC | D215: 4308.33 | E215: 316.84 | F215: 0.306 | G215: 0 | H215: 43.454444 | I215: 3 | J215: 0.9565 | K215: =((D215*(1+G215)*$J215)+E215) -> 4437.7576 | L215: 500 W BERKELEY STREET | M215: UNIONTOWN | N215: PA | O215: 0 | P215: 46296
A216: 1609984889 | B216: 390042 | C216: WASHINGTON HOSPITAL (HOSP) | D216: 4308.33 | E216: 316.84 | F216: 0.438 | G216: 0.056018292 | H216: 47.977789 | I216: 5 | J216: 1.1556 | K216: =((D216*(1+G216)*$J216)+E216) -> 5574.4448 | L216: 155 WILSON AVENUE | M216: WASHINGTON | N216: PA | O216: 0 | P216: 46296
A217: 1326060492 | B217: 390046 | C217: YORK HOSPITAL | D217: 4308.33 | E217: 316.84 | F217: 0.254 | G217: 0.14661111 | H217: 60.034916 | I217: 5 | J217: 1.1556 | K217: =((D217*(1+G217)*$J217)+E217) -> 6025.4798 | L217: 1001 S GEORGE STREET | M217: YORK | N217: PA | O217: 0 | P217: 46296
A218: 1285667493 | B218: 390050 | C218: ALLEGHENY GENERAL HOSPITAL (01/01/08-) | D218: 4308.33 | E218: 316.84 | F218: 0.194 | G218: 0.29922977 | H218: 51.762547 | I218: 5 | J218: 1.1556 | K218: =((D218*(1+G218)*$J218)+E218) -> 6785.3232 | L218: 320 EAST NORTH AVENUE | M218: PITTSBURGH | N218: PA | O218: 0 | P218: 46296
A219: 1487647590 | B219: 390063 | C219: UPMC HAMOT | D219: 4308.33 | E219: 316.84 | F219: 0.098 | G219: 0.065703643 | H219: 43.258142 | I219: 3 | J219: 0.9565 | K219: =((D219*(1+G219)*$J219)+E219) -> 4708.5169 | L219: 201 STATE STREET | M219: ERIE | N219: PA | O219: 0 | P219: 46296
... A239: 1679592380 | B239: 390267 | C239: WESTERN PA HOSP - FORBES REGIONAL | D239: 4308.33 | E239: 316.84 | F239: 0.198 | G239: 0.09636777 | H239: 57.052661 | I239: 5 | J239: 1.1556 | K239: =((D239*(1+G239)*$J239)+E239) -> 5775.333 | L239: 2570 HAYMAKER ROAD | M239: MONROEVILLE | N239: PA | O239: 0 | P239: 46296
A240: 1164426896 | B240: 393302 | C240: CHILDREN'S HOSP (PITTSBURGH) | D240: 4308.33 | E240: 316.84 | F240: 0.194 | G240: 0 | H240: 0 | I240: 2 | J240: 0.9998 | K240: =((D240*(1+G240)*$J240)+E240) -> 4624.3083 | L240: 4401 PENN AVENUE | M240: BLOOMFIELD | N240: PA | O240: 0 | P240: 46296
A241: 1215921457 | B241: 393303 | C241: CHILDREN'S HOSPITAL OF PHILADELPHIA | D241: 4308.33 | E241: 316.84 | F241: 0.194 | G241: 0 | H241: 0 | I241: 2 | J241: 0.9998 | K241: =((D241*(1+G241)*$J241)+E241) -> 4624.3083 | L241: 3401 CIVIC CENTER BLVD | M241: PHILADELPHIA | N241: PA | O241: 0 | P241: 46296
A242: 1003932369 | B242: 393304 | C242: THE CHILDRENS HOME OF PITTSBURGH | D242: 4308.33 | E242: 316.84 | F242: 0.194 | G242: 0 | H242: 0 | I242: 2 | J242: 0.9998 | K242: =((D242*(1+G242)*$J242)+E242) -> 4624.3083 | L242: 5324 PENN AVENUE | M242: PITTSBURGH | N242: PA | O242: 0 | P242: 46296
A243: 1447233788 | B243: 410010 | C243: WOMEN & INFANTS HOSPITAL | D243: 4308.33 | E243: 316.84 | F243: 0.387 | G243: 0.032607024 | H243: 61.759392 | I243: 5 | J243: 1.1556 | K243: =((D243*(1+G243)*$J243)+E243) -> 5457.8869 | L243: 101 DUDLEY ST | M243: PROVIDENCE | N243: RI | O243: 0 | P243: 46296
A244: 1457382483 | B244: 420002 | C244: PIEDMONT MEDICAL CENTER | D244: 4308.33 | E244: 316.84 | F244: 0.093 | G244: 0 | H244: 48.509919 | I244: 5 | J244: 1.1556 | K244: =((D244*(1+G244)*$J244)+E244) -> 5295.5461 | L244: 222 S HERLONG AVENUE | M244: ROCK HILL | N244: SC | O244: 0 | P244: 46296
A245: 1154373843 | B245: 420018 | C245: PRISMA HEALTH RICHLAND HOSPITAL | D245: 4308.33 | E245: 316.84 | F245: 0.252 | G245: 0.15172023 | H245: 49.862484 | I245: 5 | J245: 1.1556 | K245: =((D245*(1+G245)*$J245)+E245) -> 6050.9166 | L245: 5 RICHLAND MEDICAL PARK | M245: COLUMBIA | N245: SC | O245: 0 | P245: 46296
A246: 1417919531 | B246: 420027 | C246: ANMED HEALTH | D246: 4308.33 | E246: 316.84 | F246: 0.166 | G246: 0.040126097 | H246: 45.867774 | I246: 2 | J246: 0.9998 | K246: =((D246*(1+G246)*$J246)+E246) -> 4797.1502 | L246: 800 N FANT ST | M246: ANDERSON | N246: SC | O246: 0 | P246: 46296
A247: 1134172000 | B247: 420049 | C247: CONWAY MEDICAL CENTER | D247: 4308.33 | E247: 316.84 | F247: 0.25 | G247: 0.11385083 | H247: 42.088875 | I247: 3 | J247: 0.9565 | K247: =((D247*(1+G247)*$J247)+E247) -> 4906.9275 | L247: 300 SINGLETON RIDGE ROAD | M247: CONWAY | N247: SC | O247: 0 | P247: 46296
A248: 1366496937 | B248: 420079 | C248: TRIDENT MEDICAL CENTER | D248: 4308.33 | E248: 316.84 | F248: 0.066 | G248: 0.1254818 | H248: 48.917586 | I248: 5 | J248: 1.1556 | K248: =((D248*(1+G248)*$J248)+E248) -> 5920.2832 | L248: 9330 MEDICAL PLAZA DR | M248: NORTH CHARLESTON | N248: SC | O248: 0 | P248: 46296
A249: 1912937624 | B249: 420080 | C249: HILTON HEAD REGIONAL MEDICAL CENTER | D249: 4308.33 | E249: 316.84 | F249: 0.135 | G249: 0 | H249: 50.519331 | I249: 5 | J249: 1.1556 | K249: =((D249*(1+G249)*$J249)+E249) -> 5295.5461 | L249: 25 HOSPITAL CENTER BLVD | M249: HILTON HEAD ISLAND | N249: SC | O249: 0 | P249: 46296
A250: 1912969064 | B250: 420080 | C250: BON SECOURS MEMORIAL REGIONAL MEDICAL CENTER | D250: 4308.33 | E250: 316.84 | F250: 0.135 | G250: 0 | H250: 50.519331 | I250: 5 | J250: 1.1556 | K250: =((D250*(1+G250)*$J250)+E250) -> 5295.5461 | L250: 8260 ATLEE ROAD | M250: MECHANICSVILLE | N250: VA | O250: 0 | P250: 46296
A251: 1083668669 | B251: 420085 | C251: GRAND STRAND MEDICAL CENTER | D251: 4308.33 | E251: 316.84 | F251: 0.064 | G251: 0.20471565 | H251: 47.89975 | I251: 5 | J251: 1.1556 | K251: =((D251*(1+G251)*$J251)+E251) -> 6314.7652 | L251: 809 82ND PARKWAY | M251: MYRTLE BEACH | N251: SC | O251: 0 | P251: 46296
A252: 1821026816 | B252: 420089 | C252: EAST COOPER MEDICAL CENTER | D252: 4308.33 | E252: 316.84 | F252: 0.141 | G252: 0 | H252: 53.744268 | I252: 5 | J252: 1.1556 | K252: =((D252*(1+G252)*$J252)+E252) -> 5295.5461 | L252: 2000 HOSPITAL DRIVE | M252: MOUNT PLEASANT | N252: SC | O252: 0 | P252: 46296
A253: 1295780476 | B253: 440006 | C253: TRISTAR SKYLINE MEDICAL CENTER | D253: 4308.33 | E253: 316.84 | F253: 0.074 | G253: 0.030387178 | H253: 47.299214 | I253: 2 | J253: 0.9998 | K253: =((D253*(1+G253)*$J253)+E253) -> 4755.2001 | L253: 3441 DICKERSON PIKE | M253: NASHVILLE | N253: TN | O253: 0 | P253: 46296
A254: 1619939071 | B254: 440011 | C254: BLOUNT MEMORIAL HOSPITAL | D254: 4308.33 | E254: 316.84 | F254: 0.181 | G254: 0 | H254: 41.750366 | I254: 3 | J254: 0.9565 | K254: =((D254*(1+G254)*$J254)+E254) -> 4437.7576 | L254: 907 E LAMAR ALEXANDER PKWY | M254: MARYVILLE | N254: TN | O254: 0 | P254: 46296
... A268: 1811929151 | B268: 440228 | C268: ST. FRANCIS HOSPITALBARTLETT | D268: 4308.33 | E268: 316.84 | F268: 0.094 | G268: 0 | H268: 49.342174 | I268: 5 | J268: 1.1556 | K268: =((D268*(1+G268)*$J268)+E268) -> 5295.5461 | L268: 2986 KATE BOND RD | M268: BARTLETT | N268: TN | O268: 0 | P268: 46296
A269: 1033112230 | B269: 443302 | C269: ST JUDE CHILDREN'S RESEARCH | D269: 4308.33 | E269: 316.84 | F269: 0.181 | G269: 0 | H269: 0 | I269: 2 | J269: 0.9998 | K269: =((D269*(1+G269)*$J269)+E269) -> 4624.3083 | L269: 262 DANNY THOMAS PLACE | M269: MEMPHIS | N269: TN | O269: 0 | P269: 46296
A270: 1760476659 | B270: 443303 | C270: EAST TENNESSEE CHILDRENS HOSPITAL | D270: 4308.33 | E270: 316.84 | F270: 0.181 | G270: 0 | H270: 0 | I270: 2 | J270: 0.9998 | K270: =((D270*(1+G270)*$J270)+E270) -> 4624.3083 | L270: 2018 CLINCH AVE | M270: KNOXVILLE | N270: TN | O270: 0 | P270: 46296
A271: 1598744856 | B271: 450058 | C271: BAPTIST MEDICAL CENTER | D271: 4308.33 | E271: 316.84 | F271: 0.08 | G271: 0.000655866 | H271: 45.829457 | I271: 2 | J271: 0.9998 | K271: =((D271*(1+G271)*$J271)+E271) -> 4627.1335 | L271: 111 DALLAS STREET | M271: SAN ANTONIO | N271: TX | O271: 0 | P271: 46296
A272: 1629089966 | B272: 450152 | C272: METROPLEX HOSPITAL | D272: 4308.33 | E272: 316.84 | F272: 0.215 | G272: 0 | H272: 48.700982 | I272: 5 | J272: 1.1556 | K272: =((D272*(1+G272)*$J272)+E272) -> 5295.5461 | L272: 2201 S CLEAR CREEK ROAD | M272: KILLEEN | N272: TX | O272: 0 | P272: 46296
A273: 1730132234 | B273: 450184 | C273: MEMORIAL HERMANN SOUTHWEST HOSPITAL | D273: 4308.33 | E273: 316.84 | F273: 0.24 | G273: 0.016097219 | H273: 56.515573 | I273: 5 | J273: 1.1556 | K273: =((D273*(1+G273)*$J273)+E273) -> 5375.6895 | L273: 7600 BEECHNUT ST | M273: HOUSTON | N273: TX | O273: 0 | P273: 46296
A274: 1205018439 | B274: 450742 | C274: LAKE POINTE MEDICAL CENTER | D274: 4308.33 | E274: 316.84 | F274: 0.203 | G274: 0 | H274: 59.489865 | I274: 5 | J274: 1.1556 | K274: =((D274*(1+G274)*$J274)+E274) -> 5295.5461 | L274: 6800 SCENIC DRIVE | M274: ROWLETT | N274: TX | O274: 0 | P274: 46296
A275: 1932152337 | B275: 450847 | C275: MEMORIAL HERMANN KATY HOSPITAL | D275: 4308.33 | E275: 316.84 | F275: 0.214 | G275: 0 | H275: 54.588899 | I275: 5 | J275: 1.1556 | K275: =((D275*(1+G275)*$J275)+E275) -> 5295.5461 | L275: 23900 KATY FWY | M275: KATY | N275: TX | O275: 0 | P275: 46296
...

Sheet Weights
A1: West Virginia 2027 DRG Parameters, Version 44 Grouper
A2: Includes External Weights for Low Volume DRGs with Pair/Triplet Premiums Applied
A3: Includes Medicare Weight for Transplant DRGs
A4: Excludes non-PPS DRGs
A5: Effective October 1, 2026
A7: DRG | B7: Description | C7: ALOS | D7: Final DRG Weight | E7: Source
A8: 001 | B8: =VLOOKUP($A8, DRG_Tab, 2, FALSE) -> HEART TRANSPLANT OR IMPLANT OF HEART ASSIST SYSTEM WITH MCC | C8: =ROUND(VLOOKUP($A8, DRG_Tab, 14, FALSE), 1) -> 24.5 | D8: =VLOOKUP($A8, DRG_Tab, 20, FALSE) -> 28.0828 | E8: =VLOOKUP(A8, DRG_Tab, 19, FALSE) -> Z
A9: 002 | B9: =VLOOKUP($A9, DRG_Tab, 2, FALSE) -> HEART TRANSPLANT OR IMPLANT OF HEART ASSIST SYSTEM WITHOUT MCC | C9: =ROUND(VLOOKUP($A9, DRG_Tab, 14, FALSE), 1) -> 9.4 | D9: =VLOOKUP($A9, DRG_Tab, 20, FALSE) -> 11.0039 | E9: =VLOOKUP(A9, DRG_Tab, 19, FALSE) -> Z
A10: 003 | B10: =VLOOKUP($A10, DRG_Tab, 2, FALSE) -> ECMO OR TRACHEOSTOMY WITH MV >96 HOURS OR PRINCIPAL DIAGNOSIS EXCEPT FACE, MOUTH AND NECK WITH MAJOR O.R. PROCEDURES | C10: =ROUND(VLOOKUP($A10, DRG_Tab, 14, FALSE), 1) -> 24.3 | D10: =VLOOKUP($A10, DRG_Tab, 20, FALSE) -> 23.2839 | E10: =VLOOKUP(A10, DRG_Tab, 19, FALSE) -> A | G10: Discharge | H10: Admit | I10: Discharge
A11: 004 | B11: =VLOOKUP($A11, DRG_Tab, 2, FALSE) -> TRACHEOSTOMY WITH MV >96 HOURS OR PRINCIPAL DIAGNOSIS EXCEPT FACE, MOUTH AND NECK WITHOUT MAJOR O.R. PROCEDURES | C11: =ROUND(VLOOKUP($A11, DRG_Tab, 14, FALSE), 1) -> 25.8 | D11: =VLOOKUP($A11, DRG_Tab, 20, FALSE) -> 13.3113 | E11: =VLOOKUP(A11, DRG_Tab, 19, FALSE) -> A | G11: Status | H11: Date | I11: Date
A12: 005 | B12: =VLOOKUP($A12, DRG_Tab, 2, FALSE) -> LIVER TRANSPLANT WITH MCC OR INTESTINAL TRANSPLANT | C12: =ROUND(VLOOKUP($A12, DRG_Tab, 14, FALSE), 1) -> 13.1 | D12: =VLOOKUP($A12, DRG_Tab, 20, FALSE) -> 10.4741 | E12: =VLOOKUP(A12, DRG_Tab, 19, FALSE) -> Z | G12: Code
A13: 006 | B13: =VLOOKUP($A13, DRG_Tab, 2, FALSE) -> LIVER TRANSPLANT WITHOUT MCC | C13: =ROUND(VLOOKUP($A13, DRG_Tab, 14, FALSE), 1) -> 7.1 | D13: =VLOOKUP($A13, DRG_Tab, 20, FALSE) -> 4.5755 | E13: =VLOOKUP(A13, DRG_Tab, 19, FALSE) -> Z | H13: 45292 | I13: 46296
A14: 007 | B14: =VLOOKUP($A14, DRG_Tab, 2, FALSE) -> LUNG TRANSPLANT | C14: =ROUND(VLOOKUP($A14, DRG_Tab, 14, FALSE), 1) -> 21.1 | D14: =VLOOKUP($A14, DRG_Tab, 20, FALSE) -> 14.8704 | E14: =VLOOKUP(A14, DRG_Tab, 19, FALSE) -> Z | G14: 1 | H14: 45293 | I14: 46297
A15: 008 | B15: =VLOOKUP($A15, DRG_Tab, 2, FALSE) -> SIMULTANEOUS PANCREAS, ISLET CELL AND KIDNEY TRANSPLANT | C15: =ROUND(VLOOKUP($A15, DRG_Tab, 14, FALSE), 1) -> 8.2 | D15: =VLOOKUP($A15, DRG_Tab, 20, FALSE) -> 5.5122 | E15: =VLOOKUP(A15, DRG_Tab, 19, FALSE) -> Z | G15: 2 | H15: 45294 | I15: 46298
A16: 010 | B16: =VLOOKUP($A16, DRG_Tab, 2, FALSE) -> PANCREAS OR ISLET CELL TRANSPLANT | C16: =ROUND(VLOOKUP($A16, DRG_Tab, 14, FALSE), 1) -> 10.4 | D16: =VLOOKUP($A16, DRG_Tab, 20, FALSE) -> 7.5227 | E16: =VLOOKUP(A16, DRG_Tab, 19, FALSE) -> Z | G16: 3 | H16: 45295 | I16: 46299
A17: 011 | B17: =VLOOKUP($A17, DRG_Tab, 2, FALSE) -> TRACHEOSTOMY FOR FACE, MOUTH AND NECK DIAGNOSES OR LARYNGECTOMY WITH MCC | C17: =ROUND(VLOOKUP($A17, DRG_Tab, 14, FALSE), 1) -> 10.7 | D17: =VLOOKUP($A17, DRG_Tab, 20, FALSE) -> 8.6157 | E17: =VLOOKUP(A17, DRG_Tab, 19, FALSE) -> AO | G17: 4 | H17: 45296 | I17: 46300
A18: 012 | B18: =VLOOKUP($A18, DRG_Tab, 2, FALSE) -> TRACHEOSTOMY FOR FACE, MOUTH AND NECK DIAGNOSES OR LARYNGECTOMY WITH CC | C18: =ROUND(VLOOKUP($A18, DRG_Tab, 14, FALSE), 1) -> 8.5 | D18: =VLOOKUP($A18, DRG_Tab, 20, FALSE) -> 4.9423 | E18: =VLOOKUP(A18, DRG_Tab, 19, FALSE) -> AO | G18: 5 | H18: 45297 | I18: 46301
A19: 013 | B19: =VLOOKUP($A19, DRG_Tab, 2, FALSE) -> TRACHEOSTOMY FOR FACE, MOUTH AND NECK DIAGNOSES OR LARYNGECTOMY WITHOUT CC/MCC | C19: =ROUND(VLOOKUP($A19, DRG_Tab, 14, FALSE), 1) -> 6.2 | D19: =VLOOKUP($A19, DRG_Tab, 20, FALSE) -> 4.0158 | E19: =VLOOKUP(A19, DRG_Tab, 19, FALSE) -> M | G19: 6 | H19: 45298 | I19: 46302
A20: 014 | B20: =VLOOKUP($A20, DRG_Tab, 2, FALSE) -> ALLOGENEIC BONE MARROW TRANSPLANT | C20: =ROUND(VLOOKUP($A20, DRG_Tab, 14, FALSE), 1) -> 26 | D20: =VLOOKUP($A20, DRG_Tab, 20, FALSE) -> 11.7891 | E20: =VLOOKUP(A20, DRG_Tab, 19, FALSE) -> Z | G20: 7 | H20: 45299 | I20: 46303
A21: 016 | B21: =VLOOKUP($A21, DRG_Tab, 2, FALSE) -> AUTOLOGOUS BONE MARROW TRANSPLANT WITH CC/MCC | C21: =ROUND(VLOOKUP($A21, DRG_Tab, 14, FALSE), 1) -> 15.6 | D21: =VLOOKUP($A21, DRG_Tab, 20, FALSE) -> 6.0136 | E21: =VLOOKUP(A21, DRG_Tab, 19, FALSE) -> Z | G21: 8 | H21: 45300 | I21: 46304
A22: 017 | B22: =VLOOKUP($A22, DRG_Tab, 2, FALSE) -> AUTOLOGOUS BONE MARROW TRANSPLANT WITHOUT CC/MCC | C22: =ROUND(VLOOKUP($A22, DRG_Tab, 14, FALSE), 1) -> 9.5 | D22: =VLOOKUP($A22, DRG_Tab, 20, FALSE) -> 4.8891 | E22: =VLOOKUP(A22, DRG_Tab, 19, FALSE) -> Z | G22: 9 | H22: 45301 | I22: 46305
A23: 018 | B23: =VLOOKUP($A23, DRG_Tab, 2, FALSE) -> CHIMERIC ANTIGEN RECEPTOR (CAR) T-CELL AND OTHER IMMUNOTHERAPIES | C23: =ROUND(VLOOKUP($A23, DRG_Tab, 14, FALSE), 1) -> 11.4 | D23: =VLOOKUP($A23, DRG_Tab, 20, FALSE) -> 66.3924 | E23: =VLOOKUP(A23, DRG_Tab, 19, FALSE) -> M | G23: 10 | H23: 45302 | I23: 46306
A24: 019 | B24: =VLOOKUP($A24, DRG_Tab, 2, FALSE) -> SIMULTANEOUS PANCREAS, ISLET CELL AND KIDNEY TRANSPLANT WITH HEMODIALYSIS | C24: =ROUND(VLOOKUP($A24, DRG_Tab, 14, FALSE), 1) -> 12.3 | D24: =VLOOKUP($A24, DRG_Tab, 20, FALSE) -> 7.5461 | E24: =VLOOKUP(A24, DRG_Tab, 19, FALSE) -> Z | G24: 11 | H24: 45303 | I24: 46307
A25: 020 | B25: =VLOOKUP($A25, DRG_Tab, 2, FALSE) -> INTRACRANIAL VASCULAR PROCEDURES WITH PRINCIPAL DIAGNOSIS HEMORRHAGE WITH MCC | C25: =ROUND(VLOOKUP($A25, DRG_Tab, 14, FALSE), 1) -> 13.6 | D25: =VLOOKUP($A25, DRG_Tab, 20, FALSE) -> 10.7948 | E25: =VLOOKUP(A25, DRG_Tab, 19, FALSE) -> A | G25: 12 | H25: 45304 | I25: 46308
... A54: 058 | B54: =VLOOKUP($A54, DRG_Tab, 2, FALSE) -> MULTIPLE SCLEROSIS AND CEREBELLAR ATAXIA WITH MCC | C54: =ROUND(VLOOKUP($A54, DRG_Tab, 14, FALSE), 1) -> 5 | D54: =VLOOKUP($A54, DRG_Tab, 20, FALSE) -> 2.7114 | E54: =VLOOKUP(A54, DRG_Tab, 19, FALSE) -> M | G54: 72 | H54: 45333 | I54: 46337
A55: 059 | B55: =VLOOKUP($A55, DRG_Tab, 2, FALSE) -> MULTIPLE SCLEROSIS AND CEREBELLAR ATAXIA WITH CC | C55: =ROUND(VLOOKUP($A55, DRG_Tab, 14, FALSE), 1) -> 3.6 | D55: =VLOOKUP($A55, DRG_Tab, 20, FALSE) -> 1.7651 | E55: =VLOOKUP(A55, DRG_Tab, 19, FALSE) -> M | H55: 45334 | I55: 46338
A56: 060 | B56: =VLOOKUP($A56, DRG_Tab, 2, FALSE) -> MULTIPLE SCLEROSIS AND CEREBELLAR ATAXIA WITHOUT CC/MCC | C56: =ROUND(VLOOKUP($A56, DRG_Tab, 14, FALSE), 1) -> 2.9 | D56: =VLOOKUP($A56, DRG_Tab, 20, FALSE) -> 1.3606 | E56: =VLOOKUP(A56, DRG_Tab, 19, FALSE) -> M | H56: 45335 | I56: 46339
A57: 061 | B57: =VLOOKUP($A57, DRG_Tab, 2, FALSE) -> ISCHEMIC STROKE, PRECEREBRAL OCCLUSION OR TRANSIENT ISCHEMIA WITH THROMBOLYTIC AGENT WITH MCC | C57: =ROUND(VLOOKUP($A57, DRG_Tab, 14, FALSE), 1) -> 7.2 | D57: =VLOOKUP($A57, DRG_Tab, 20, FALSE) -> 4.1131 | E57: =VLOOKUP(A57, DRG_Tab, 19, FALSE) -> A | H57: 45336 | I57: 46340
A58: 062 | B58: =VLOOKUP($A58, DRG_Tab, 2, FALSE) -> ISCHEMIC STROKE, PRECEREBRAL OCCLUSION OR TRANSIENT ISCHEMIA WITH THROMBOLYTIC AGENT WITH CC | C58: =ROUND(VLOOKUP($A58, DRG_Tab, 14, FALSE), 1) -> 2.5 | D58: =VLOOKUP($A58, DRG_Tab, 20, FALSE) -> 2.073 | E58: =VLOOKUP(A58, DRG_Tab, 19, FALSE) -> A | H58: 45337 | I58: 46341
A59: 063 | B59: =VLOOKUP($A59, DRG_Tab, 2, FALSE) -> ISCHEMIC STROKE, PRECEREBRAL OCCLUSION OR TRANSIENT ISCHEMIA WITH THROMBOLYTIC AGENT WITHOUT CC/MCC | C59: =ROUND(VLOOKUP($A59, DRG_Tab, 14, FALSE), 1) -> 2.2 | D59: =VLOOKUP($A59, DRG_Tab, 20, FALSE) -> 1.8005 | E59: =VLOOKUP(A59, DRG_Tab, 19, FALSE) -> A | H59: 45338 | I59: 46342
A60: 064 | B60: =VLOOKUP($A60, DRG_Tab, 2, FALSE) -> INTRACRANIAL HEMORRHAGE OR CEREBRAL INFARCTION WITH MCC | C60: =ROUND(VLOOKUP($A60, DRG_Tab, 14, FALSE), 1) -> 5.2 | D60: =VLOOKUP($A60, DRG_Tab, 20, FALSE) -> 2.4981 | E60: =VLOOKUP(A60, DRG_Tab, 19, FALSE) -> A | H60: 45339 | I60: 46343
A61: 065 | B61: =VLOOKUP($A61, DRG_Tab, 2, FALSE) -> INTRACRANIAL HEMORRHAGE OR CEREBRAL INFARCTION WITH CC OR TPA IN 24 HOURS | C61: =ROUND(VLOOKUP($A61, DRG_Tab, 14, FALSE), 1) -> 3 | D61: =VLOOKUP($A61, DRG_Tab, 20, FALSE) -> 1.3056 | E61: =VLOOKUP(A61, DRG_Tab, 19, FALSE) -> A | H61: 45340 | I61: 46344
A62: 066 | B62: =VLOOKUP($A62, DRG_Tab, 2, FALSE) -> INTRACRANIAL HEMORRHAGE OR CEREBRAL INFARCTION WITHOUT CC/MCC | C62: =ROUND(VLOOKUP($A62, DRG_Tab, 14, FALSE), 1) -> 1.9 | D62: =VLOOKUP($A62, DRG_Tab, 20, FALSE) -> 0.9752 | E62: =VLOOKUP(A62, DRG_Tab, 19, FALSE) -> A | H62: 45341 | I62: 46345
A63: 067 | B63: =VLOOKUP($A63, DRG_Tab, 2, FALSE) -> PRECEREBRAL OCCLUSION WITHOUT INFARCTION WITH MCC | C63: =ROUND(VLOOKUP($A63, DRG_Tab, 14, FALSE), 1) -> 3.4 | D63: =VLOOKUP($A63, DRG_Tab, 20, FALSE) -> 2.1015 | E63: =VLOOKUP(A63, DRG_Tab, 19, FALSE) -> M | H63: 45342 | I63: 46346
A64: 068 | B64: =VLOOKUP($A64, DRG_Tab, 2, FALSE) -> PRECEREBRAL OCCLUSION WITHOUT INFARCTION WITHOUT MCC | C64: =ROUND(VLOOKUP($A64, DRG_Tab, 14, FALSE), 1) -> 1.9 | D64: =VLOOKUP($A64, DRG_Tab, 20, FALSE) -> 0.9286 | E64: =VLOOKUP(A64, DRG_Tab, 19, FALSE) -> A | H64: 45343 | I64: 46347
A65: 069 | B65: =VLOOKUP($A65, DRG_Tab, 2, FALSE) -> TRANSIENT ISCHEMIA WITHOUT THROMBOLYTIC | C65: =ROUND(VLOOKUP($A65, DRG_Tab, 14, FALSE), 1) -> 2 | D65: =VLOOKUP($A65, DRG_Tab, 20, FALSE) -> 1.0665 | E65: =VLOOKUP(A65, DRG_Tab, 19, FALSE) -> A | H65: 45344 | I65: 46348
A66: 070 | B66: =VLOOKUP($A66, DRG_Tab, 2, FALSE) -> OTHER CEREBROVASCULAR DISORDERS WITH MCC | C66: =ROUND(VLOOKUP($A66, DRG_Tab, 14, FALSE), 1) -> 4.1 | D66: =VLOOKUP($A66, DRG_Tab, 20, FALSE) -> 1.5954 | E66: =VLOOKUP(A66, DRG_Tab, 19, FALSE) -> A | H66: 45345 | I66: 46349
... A377: 449 | B377: =VLOOKUP($A377, DRG_Tab, 2, FALSE) -> REVISION OF HIP OR KNEE PROSTHESIS | C377: =ROUND(VLOOKUP($A377, DRG_Tab, 14, FALSE), 1) -> 3.1 | D377: =VLOOKUP($A377, DRG_Tab, 20, FALSE) -> 4.8556 | E377: =VLOOKUP(A377, DRG_Tab, 19, FALSE) -> M | H377: 45656 | I377: 46660
A378: 450 | B378: =VLOOKUP($A378, DRG_Tab, 2, FALSE) -> SINGLE LEVEL SPINAL FUSION EXCEPT CERVICAL WITH MCC | C378: =ROUND(VLOOKUP($A378, DRG_Tab, 14, FALSE), 1) -> 6.3 | D378: =VLOOKUP($A378, DRG_Tab, 20, FALSE) -> 7.7002 | E378: =VLOOKUP(A378, DRG_Tab, 19, FALSE) -> M | H378: 45657
A379: 451 | B379: =VLOOKUP($A379, DRG_Tab, 2, FALSE) -> SINGLE LEVEL SPINAL FUSION EXCEPT CERVICAL WITHOUT MCC | C379: =ROUND(VLOOKUP($A379, DRG_Tab, 14, FALSE), 1) -> 2 | D379: =VLOOKUP($A379, DRG_Tab, 20, FALSE) -> 3.8289 | E379: =VLOOKUP(A379, DRG_Tab, 19, FALSE) -> A | H379: 45658
A380: 456 | B380: =VLOOKUP($A380, DRG_Tab, 2, FALSE) -> SPINAL FUSION EXCEPT CERVICAL WITH SPINAL CURVATURE, MALIGNANCY, OR INFECTION WITH MCC | C380: =ROUND(VLOOKUP($A380, DRG_Tab, 14, FALSE), 1) -> 8.9 | D380: =VLOOKUP($A380, DRG_Tab, 20, FALSE) -> 6.6792 | E380: =VLOOKUP(A380, DRG_Tab, 19, FALSE) -> A | H380: 45659
A381: 457 | B381: =VLOOKUP($A381, DRG_Tab, 2, FALSE) -> SPINAL FUSION EXCEPT CERVICAL WITH SPINAL CURVATURE, MALIGNANCY, OR INFECTION WITH CC | C381: =ROUND(VLOOKUP($A381, DRG_Tab, 14, FALSE), 1) -> 3.9 | D381: =VLOOKUP($A381, DRG_Tab, 20, FALSE) -> 5.9765 | E381: =VLOOKUP(A381, DRG_Tab, 19, FALSE) -> AP | H381: 45660
A382: 458 | B382: =VLOOKUP($A382, DRG_Tab, 2, FALSE) -> SPINAL FUSION EXCEPT CERVICAL WITH SPINAL CURVATURE, MALIGNANCY, OR INFECTION WITHOUT CC/MCC | C382: =ROUND(VLOOKUP($A382, DRG_Tab, 14, FALSE), 1) -> 2.1 | D382: =VLOOKUP($A382, DRG_Tab, 20, FALSE) -> 4.2532 | E382: =VLOOKUP(A382, DRG_Tab, 19, FALSE) -> MP | H382: 45661
A383: 461 | B383: =VLOOKUP($A383, DRG_Tab, 2, FALSE) -> BILATERAL OR MULTIPLE MAJOR JOINT PROCEDURES OF LOWER EXTREMITY WITH MCC | C383: =ROUND(VLOOKUP($A383, DRG_Tab, 14, FALSE), 1) -> 6.2 | D383: =VLOOKUP($A383, DRG_Tab, 20, FALSE) -> 7.313 | E383: =VLOOKUP(A383, DRG_Tab, 19, FALSE) -> M | H383: 45662
A384: 462 | B384: =VLOOKUP($A384, DRG_Tab, 2, FALSE) -> BILATERAL OR MULTIPLE MAJOR JOINT PROCEDURES OF LOWER EXTREMITY WITHOUT MCC | C384: =ROUND(VLOOKUP($A384, DRG_Tab, 14, FALSE), 1) -> 3.2 | D384: =VLOOKUP($A384, DRG_Tab, 20, FALSE) -> 2.8495 | E384: =VLOOKUP(A384, DRG_Tab, 19, FALSE) -> A | H384: 45663
A385: 463 | B385: =VLOOKUP($A385, DRG_Tab, 2, FALSE) -> WOUND DEBRIDEMENT OR SKIN GRAFT EXCEPT HAND FOR MUSCULOSKELETAL AND CONNECTIVE TISSUE DISORDERS WITH MCC OR INSERTION OF ANTI | C385: =ROUND(VLOOKUP($A385, DRG_Tab, 14, FALSE), 1) -> 12.6 | D385: =VLOOKUP($A385, DRG_Tab, 20, FALSE) -> 5.7704 | E385: =VLOOKUP(A385, DRG_Tab, 19, FALSE) -> A | H385: 45664
A386: 464 | B386: =VLOOKUP($A386, DRG_Tab, 2, FALSE) -> WOUND DEBRIDEMENT OR SKIN GRAFT EXCEPT HAND FOR MUSCULOSKELETAL AND CONNECTIVE TISSUE DISORDERS WITH CC | C386: =ROUND(VLOOKUP($A386, DRG_Tab, 14, FALSE), 1) -> 4.9 | D386: =VLOOKUP($A386, DRG_Tab, 20, FALSE) -> 3.1256 | E386: =VLOOKUP(A386, DRG_Tab, 19, FALSE) -> A | H386: 45665
A387: 465 | B387: =VLOOKUP($A387, DRG_Tab, 2, FALSE) -> WOUND DEBRIDEMENT OR SKIN GRAFT EXCEPT HAND FOR MUSCULOSKELETAL AND CONNECTIVE TISSUE DISORDERS WITHOUT CC/MCC | C387: =ROUND(VLOOKUP($A387, DRG_Tab, 14, FALSE), 1) -> 2.9 | D387: =VLOOKUP($A387, DRG_Tab, 20, FALSE) -> 2.6615 | E387: =VLOOKUP(A387, DRG_Tab, 19, FALSE) -> A | H387: 45666
A388: 469 | B388: =VLOOKUP($A388, DRG_Tab, 2, FALSE) -> MAJOR HIP AND KNEE JOINT REPLACEMENT OR REATTACHMENT OF LOWER EXTREMITY WITH MCC OR TOTAL ANKLE REPLACEMENT | C388: =ROUND(VLOOKUP($A388, DRG_Tab, 14, FALSE), 1) -> 3.4 | D388: =VLOOKUP($A388, DRG_Tab, 20, FALSE) -> 3.5365 | E388: =VLOOKUP(A388, DRG_Tab, 19, FALSE) -> A | H388: 45667
A389: 470 | B389: =VLOOKUP($A389, DRG_Tab, 2, FALSE) -> MAJOR HIP AND KNEE JOINT REPLACEMENT OR REATTACHMENT OF LOWER EXTREMITY WITHOUT MCC | C389: =ROUND(VLOOKUP($A389, DRG_Tab, 14, FALSE), 1) -> 1.3 | D389: =VLOOKUP($A389, DRG_Tab, 20, FALSE) -> 2.0832 | E389: =VLOOKUP(A389, DRG_Tab, 19, FALSE) -> A | H389: 45668
... A781: N94 | B781: =VLOOKUP($A781, DRG_Tab, 2, FALSE) -> Level III: Neonate W Other Significant Problems | C781: =ROUND(VLOOKUP($A781, DRG_Tab, 14, FALSE), 1) -> 2.1 | D781: =VLOOKUP($A781, DRG_Tab, 20, FALSE) -> 0.2475 | E781: =VLOOKUP(A781, DRG_Tab, 19, FALSE) -> A | H781: 46060
H782: 46061
H783: 46062
H784: 46063
H785: 46064
H786: 46065
H787: 46066
H788: 46067
H789: 46068
H790: 46069
H791: 46070
H792: 46071
H793: 46072
... H1381: 46660
